 Dungeon Crawl Stone Soup version 0.29.1-15-g9cfb28693d (webtiles) character file.

Game seed: 8517922804832178730

23 pokedragonboy the Gusty (level 2, 0/15 HPs)
             Began as a Tengu Air Elementalist on Mar 12, 2023.
             Slain by a water moccasin skeleton (2 damage)
             ... on level 3 of the Dungeon.
             The game lasted 00:02:25 (1242 turns).

pokedragonboy the Gusty (Tengu Air Elementalist)    Turns: 1242, Time: 00:02:25

Health: 0/15       AC:  3    Str:  7 (8)  XL:     2   Next: 95%
Magic:  4/6        EV: 12    Int: 13 (15) God:
Gold:   94         SH:  0    Dex: 12 (14) Spells: 2/5 levels left

rFire   . . .      SeeInvis .   i - +1 dagger (venom)
rCold   . . .      Faith    .   (no shield)
rNeg    . . .      Spirit   .   a - +0 robe
rPois   .          Reflect  .   (helmet restricted)
rElec   .          Harm     .   d - +0 cloak
rCorr   .          Rampage  .   (no gloves)
Will    .....                   (boots unavailable)
Stlth   ++........              (no amulet)
HPRegen 0.05/turn               l - ring of wizardry
MPRegen 0.10/turn               (no ring)

@: no status effects
A: beak, talons 3
a: no special abilities


You were on level 3 of the Dungeon.
You visited 1 branch of the dungeon, and saw 3 of its levels.

You collected 94 gold pieces.

Inventory:

Hand Weapons
 i - a +1 dagger of venom (weapon)
Armour
 a - a +0 robe (worn)
 d - a +0 cloak (worn)
Jewellery
 l - a ring of wizardry (left hand)
 o - an amulet of regeneration
Scrolls
 c - a scroll of torment {unknown}
 f - a scroll of immolation {unknown}
 g - a scroll of poison {unknown}
 j - a scroll of summoning {unknown}
 k - a scroll of identify {unknown}
 m - a scroll of enchant armour {unknown}
Potions
 b - a potion of magic
 n - a potion of ambrosia {unknown}


   Skills:
 - Level 2.1 Dodging
 - Level 2.0 Stealth
 + Level 2.4 Spellcasting
 + Level 2.4 Conjurations
 + Level 4.5 Air Magic


You had 2 spell levels left.
You knew the following spells:

 Your Spells              Type           Power      Damage    Failure   Level
a - Shock                 Conj/Air       40%        1d5       2%          1
b - Static Discharge      Conj/Air       10%        3-5/arc   3%          2

Your spell library contained the following spells:

 Spells                   Type           Power      Damage    Failure   Level
 Apportation              Tloc           2%         N/A       10%         1
 Necrotise                Necr           4%         1d4       10%         1
 Summon Small Mammal      Summ           4%         N/A       10%         1
 Swiftness                Air            13%        N/A       4%          3
 Airstrike                Air            6%         2d(1-17)  16%         4


Dungeon Overview and Level Annotations

Branches:
Dungeon (3/15)

Altars:


Innate Abilities, Weirdness & Mutations

You have a beak for a mouth.
You have claws for feet.


Message History

The dart slug briefly extends its eye-stalks.
It was a potion of curing.
You feel better. The quokka misses you.
Casting: Static Discharge (safe; 3% risk of failure)
Confirm with . or Enter, or press ? or * to list all spells.
The quokka is struck by an arc of lightning.
The quokka is severely wounded.
You are struck by an arc of lightning.
The quokka is struck by an arc of lightning!
You kill the quokka!
The lightning grounds out.
You see here 3 stones.
The dart slug briefly extends its eye-stalks.
The dart slug launches a dart at you. The slug dart hits you.
* * * LOW HITPOINT WARNING * * *
Found 8 gold pieces.
Found a scroll labelled SAAMME ABLAME.
Found an escape hatch in the floor.
The dart slug launches a dart at you. The slug dart misses you.
There is an escape hatch in the floor here.
You slide downwards.
The hatch slams shut behind you.
Found 9 gold pieces.
There are monsters nearby!
A rat comes into view. 2 kobolds come into view.
The kobold shouts!
A hobgoblin comes into view. It is wielding a +0 club.
Found 6 gold pieces.
Found 3 gold pieces.
A water moccasin skeleton comes into view.
The water moccasin skeleton moves out of view.
A quokka zombie comes into view.
The rat attacks as you move away! The rat bites you but does no damage.
Found an escape hatch in the floor.
The water moccasin skeleton bites you.
* * * LOW HITPOINT WARNING * * *
The water moccasin skeleton attacks as you move away!
The water moccasin skeleton bites you.
You die...

#.P....>....
#...P.....$.
#.PP........####
#P.Z...........###
#........ ..#.#..
#.......####...#.#
#....r..K....#.#
#.Z..r.K....#
#@##...#.#.#####
#.##...#.#.....##
#.##...#.....K...
#.##..$##..####g.
#.##...###....####
#.###### #........
#.# #$...#### ..#
#....# #....#


You could see a quokka zombie (dormant), 2 kobolds, 2 rats and a water moccasin
skeleton.

Vanquished Creatures
  2 dart slugs (D:1)
  2 ball pythons (D:1)
  2 bats (D:1)
  An endoplasm (D:1)
  2 giant cockroaches (D:1)
  2 goblins (D:1)
  4 kobolds (D:1)
  A quokka (D:2)
  A rat (D:1)
17 creatures vanquished.

Notes
Turn   | Place    | Note
-------+----------+-------------------------------------------
     0 | D:1      | pokedragonboy the Tengu Air Elementalist began the quest
                  | for the Orb.
     0 | D:1      | Reached XP level 1. HP: 10/10 MP: 4/4
   154 | D:1      | Reached XP level 2. HP: 15/15 MP: 4/6
   187 | D:1      | Learned a level 2 spell: Static Discharge
  1242 | D:3      | Slain by a water moccasin skeleton

Illustrated notes

Levels and vault maps discovered:
D:1:      saegor_arrival_fortress, layout_loops_ring
D:2:      layout_basic, shapermc_ecumenical_altar_hornbeckon, minmay_liquid_box,
          feat_on_display
D:3:      cheibrodos_thug_alley, layout_basic, overflow_temple_1_default,
          chequers_temple_overflow_statue_of_worship, serial_undead,
          serial_undead_b, serial_undead_b, serial_undead_e, serial_undead_e,
          hangedman_decor_lopped, chequers_serial_rivers_micro_b,
          interstate_on_off, grunt_ministairs_1, minmay_goblin_kobold_house,
          uniq_ijyb

Skill      XL: |  1  2 |
---------------+-------+-----
Conjurations   | 2 |  2.4
Dodging        | |  2.1
Stealth        | |  2.0
Spellcasting   | |  2.4
Air Magic      | |  4.5

Action                   || total
-------------------------++-------
Melee: Kick              ||     3
       Unarmed           ||     2
       Dagger            ||     6
       Peck              ||     1
 Cast: Shock             ||    27
       Static Discharge  ||     2
  Use: Potion            ||     2
Armor: Robe              ||     3
Dodge: Dodged            ||     9
